 Dungeon Crawl Stone Soup version 0.23.2-1-ga50397a (webtiles) character file.

Game seed: 13933236677428903628

172 funkygono the Cudgeler (level 5, 0/39 HPs)
             Began as a Demonspawn Gladiator on May 17, 2019.
             Slain by a kobold (3 damage)
             ... on level 3 of the Dungeon on May 18, 2019.
             The game lasted 00:09:03 (2467 turns).

funkygono the Cudgeler (Demonspawn Gladiator)       Turns: 2467, Time: 00:09:04

Health: 0/39       AC:  4    Str: 14    XL:     5   Next: 27%
Magic:  5/5        EV: 15    Int: 11    God:
Gold:   173        SH:  0    Dex: 14    Spells: 4/4 levels left

rFire    . . .     SeeInvis .   a - +0 flail
rCold    . . .     Gourm    .   (no shield)
rNeg     . . .     Faith    .   b - +0 leather armour
rPois    .         Spirit   .   c - +0 helmet
rElec    .         Reflect  .   (no cloak)
rCorr    +         Harm     .   (no gloves)
MR       .....                  (no boots)
Stlth    +.........             (no amulet)
HPRegen  0.13/turn              l - +2 ring of evasion
MPRegen  0.09/turn              g - ring of resist corrosion

@: no status effects
A: powered by death 1, powered by pain 1
a: no special abilities


You were on level 3 of the Dungeon.
You were not hungry.

You visited 1 branch of the dungeon, and saw 3 of its levels.

You collected 173 gold pieces.

Inventory:

Hand Weapons
 a - a +0 flail (weapon)
Missiles
 d - 3 throwing nets (quivered)
Armour
 b - a +0 leather armour (worn)
 c - a +0 helmet (worn)
Jewellery
 g - a ring of resist corrosion (right hand)
 l - a +2 ring of evasion (left hand)
Wands
 r - a wand of flame (20)
Scrolls
 e - 2 scrolls of fear {unknown}
 k - a scroll of identify
 n - 4 scrolls of teleportation {unknown}
 o - 2 scrolls of immolation {unknown}
 p - a scroll of remove curse {unknown}
 u - 2 scrolls of enchant weapon {unknown}
Potions
 h - 2 potions of curing
 i - a potion of brilliance {unknown}
 j - 2 potions of heal wounds
 m - a potion of ambrosia {unknown}
 q - a potion of invisibility {unknown}
 s - 2 potions of degeneration {unknown}
 v - a potion of mutation {unknown}
Comestibles
 f - 5 rations
 t - 6 chunks of flesh


   Skills:
 + Level 2.7 Fighting
 + Level 4.4 Maces & Flails
 - Level 1.7 Throwing
 + Level 1.3 Armour
 + Level 3.3 Dodging
 + Level 0.5 Stealth


You had 4 spell levels left.
You didn't know any spells.
Your spell library was empty.

Dungeon Overview and Level Annotations

Branches:
Dungeon (3/15)

Altars:

Annotations:
D:3 Grinder


Innate Abilities, Weirdness & Mutations

You regenerate a little health from kills.
You sometimes gain a little power by taking damage.


Message History

You don't know any spells.
Sorry, you're not good enough to have a special ability.
The rat misses you.
You hit the rat.
The rat is heavily wounded.
The rat barely misses you.
You hit the rat.
You kill the rat!
You hit Grinder but do no damage. Grinder misses you.
You hit Grinder but do no damage. Grinder hits you!
* * * LOW HITPOINT WARNING * * *
You writhe in agony.
* * * LOW HITPOINT WARNING * * *
Grinder blinks!
The kobold closely misses you.
You see here a rat corpse.
You hit the kobold.
The kobold is severely wounded.
The kobold hits you.
You die...

.............##.#.##.##
#####.##
..#.##.......)..#.#...##
###
.........###.####......##
###.####...............[#
#.# ###.##..........##
#.# #[.....###.#...## ...
#......# #.>..## ##
#.....5###.##(#
#........@K##.#
#.....#######.# # #######
#.# ####.########## #K#
.........K...># #.#
#.##.###..####.# #5#
#...K..#..####K####.#
####.#..............#
#?###.(####.######


You could see Grinder and a kobold.

Vanquished Creatures
  A worker ant (D:3)
  7 adders
  An ooze (D:1)
  2 worms (D:3)
  A dart slug (D:2)
  2 leopard geckos
  8 orcs (D:3)
  2 giant cockroaches
  4 goblins
  4 hobgoblins
  5 jackals
  2 quokkas
  A ball python (D:2)
  5 bats
  3 frilled lizards
  6 kobolds
  15 rats
69 creatures vanquished.

Notes
Turn   | Place    | Note
-------+----------+-------------------------------------------
     0 | D:1      | funkygono the Demonspawn Gladiator began the quest for the
                  | Orb.
     0 | D:1      | Reached XP level 1. HP: 16/16 MP: 1/1
   331 | D:1      | Reached skill level 3 in Maces & Flails
   331 | D:1      | Gained mutation: You regenerate a little health from kills.
                  | [demonic ancestry]
   331 | D:1      | Reached XP level 2. HP: 22/22 MP: 2/2
   655 | D:2      | Reached XP level 3. HP: 21/27 MP: 3/3
  1075 | D:2      | Gained mutation: You sometimes gain a little power by
                  | taking damage. [demonic ancestry]
  1075 | D:2      | Reached XP level 4. HP: 24/33 MP: 4/4
  1401 | D:3      | Reached skill level 4 in Maces & Flails
  1706 | D:3      | Reached skill level 1 in Armour
  1934 | D:3      | Reached XP level 5. HP: 6/39 MP: 5/5
  2424 | D:3      | Noticed Grinder
  2467 | D:3      | Slain by a kobold

Skill      XL: |  1  2  3  4 |
---------------+-------------+-----
Maces & Flails | 3 4 |  4.4
Dodging        | 3 |  3.3
Armour         | 1 |  1.3
Fighting       | |  2.7
Throwing       | |  1.7
Stealth        | |  0.5

Action                   |  1- 3 |  4- 6 || total
-------------------------+-------+-------++-------
Melee: Flail             |    79 |   162 ||   241
  Use: Scroll            |     2 |       ||     2
       Potion            |       |     1 ||     1
 Stab: Sleeping          |     1 |     1 ||     2
  Eat: Chunk             |     1 |     4 ||     5
Armor: Leather armour    |    34 |    27 ||    61
Dodge: Dodged            |    76 |   155 ||   231
